[Event "Early-Titled-Tuesday-Blitz-February-06-2024"]
[Site "Chess.com"]
[Date "2024.02.06"]
[Round "4"]
[White "InitiatingASC"]
[Black "marsofsilva"]
[Result "0-1"]
[WhiteElo "2416"]
[BlackElo "2072"]
[TimeControl "180+1"]
[EndTime "8:40:02 PST"]
[Termination "marsofsilva won on time"]

1. d4 d5 2. c4 e6 3. Nc3 Nf6 4. cxd5 exd5 5. Bg5 c6 6. e3 h6 7. Bh4 Be7 8. Bd3 O-O 9. Nge2 Re8 10. O-O a5 11. a4 Nbd7 12. f3 Nh5 13. Bf2 g6 14. Ng3 Ng7 15. e4 dxe4 16. fxe4 c5 17. Bb5 cxd4 18.
Bxd4 Ne6 19. Be3 Kg7 20. Qg4 Ne5 21. Qh3 Ng5 22. Bxg5 Bxh3 23. Bxe8 Bxg5 24. Bb5 Be6 25. Rad1 Qb6+ 26. Kh1 Ng4 27. Nd5 Bxd5 28. exd5 Nf2+ 29. Rxf2 Qxf2 30. d6 Rd8 31. d7 Bf4 32. Ne2 Bg5 33. b3 b6 34. Nd4 Qf6 35. h3 Rb8 36. Nc6 Rd8 37. Nxd8 Qxd8 38. Re1 Be7 39. Rf1 f5 40. Rc1 Qf8 41. Rc8 Bd8 42. Bc4 Qe7 43. Bb5 Qe1+ 44. Kh2 Qe5+ 45. Kg1 Qe7 46. Kf1 Kf6 47. Rc6+ Kg7 48.
Rc8 Kf8 49. Kf2 Qf6 0-1

[Event "Early-Titled-Tuesday-Blitz-February-06-2024"]
[Site "Chess.com"]
[Date "2024.02.06"]
[Round "4"]
[White "FGHSMN"]
[Black "DavidGavrilescu18"]
[Result "1-0"]
[WhiteElo "2941"]
[BlackElo "2771"]
[TimeControl "180+1"]
[EndTime "8:40:03 PST"]
[Termination "FGHSMN won by resignation"]

1. d4 d5 2. Bf4 c5 3. e3 cxd4 4. exd4 Nc6 5. c3 Bf5 6. Nf3 e6 7. Qb3 Qd7 8. Bb5 f6 9. Nbd2 g5 10. Bg3 h5 11. h3 h4 12. Bh2 Bd6 13. Bxd6 Qxd6 14. c4 Ne7 15. cxd5 Nxd5 16. Nc4 Qc7 17. Rc1 O-O 18. O-O Rac8 19. Ne3 Nxe3 20. fxe3 Kg7 21.
Rf2 Qb6 22. Re1 a6 23. Bxc6 Qxb3 24. axb3 Rxc6 25. e4 Bg6 26. e5 Bf5 27. exf6+ Kxf6 28. d5 Rd6 29. dxe6 Rxe6 30. Rxe6+ Kxe6 31. Nxg5+ Kd5 32.
Rf4 Ke5 33. Rxh4 Rg8 34. Nf7+ Ke6 35. Nh6 Rg3 36. Nxf5 Kxf5 37. Rh5+ Kg6 38. Rd5 Rxb3 39. Rd2 a5 40. Kh2 a4 41. h4 Kh5 42. g3 b5 43.
Kh3 b4 44. Rd5+ Kg6 45. Ra5 a3 46. bxa3 bxa3 47. h5+ Kh6 48. Kh4 Kg7 49. g4 Kf6 50. Ra6+ Ke5 51. h6 Kf4 52. Ra4+ Ke5 53. Kg5 Kd5 54.
h7 Rh3 55. Kg6 Kc5 56. Rxa3 1-0

[Event "Early-Titled-Tuesday-Blitz-February-06-2024"]
[Site "Chess.com"]
[Date "2024.02.06"]
[Round "4"]
[White "Kopytkin"]
[Black "AnaKuchava"]
[Result "0-1"]
[WhiteElo "2369"]
[BlackElo "2196"]
[TimeControl "180+1"]
[EndTime "8:40:03 PST"]
[Termination "AnaKuchava won by checkmate"]

1. d4 d5 2. Bg5 Bf5 3. e3 c6 4. c4 e6 5. Nc3 Qxg5 6. Qb3 Qe7 7. Rc1 Nf6 8. c5 Ne4 9. Na4 Qc7 10. Ne2 Nd7 11. f4 Be7 12. Nac3 O-O 13. Nxe4 Bxe4 14. Nc3 Bh4+ 15. Kd2 Rae8 16. Be2 Bd8 17. Nxe4 dxe4 18. Qc2 f6 19. Bc4 Kh8 20. Qxe4 e5 21. fxe5 fxe5 22.
Rhf1 Nf6 23. Qf5 exd4 24. exd4 Be7 25. Rce1 Qxh2 26. Rh1 Qxg2+ 27. Re2 Ne4+ 28. Qxe4 Qxe4 29. Rxe4 Bg5+ 30. Kc3 Rxe4 31. Bd3 Rh4 32. Rd1 Bf6 33. Bc4 Rd8 34. b4 Rhxd4 35. Rxd4 Bxd4+ 36. Kb3 h5 37. a4 h4 38. Be6 g5 39. a5 Re8 40.
Bd7 Re3+ 41. Kc4 Be5 42. a6 bxa6 43. Bxc6 h3 44. Kd5 h2 45. Ke6 Re1 46. Kd7 Bf4 47.
Kc8 h1=Q 48. Kb7 Qh3 49. Kxa6 Qe6 50. b5 Ra1+ 51. Kb7 Qe7+ 52. Ka8 Qd8+ 53. Kb7 Qb8# 0-1

[Event "Early-Titled-Tuesday-Blitz-February-06-2024"]
[Site "Chess.com"]
[Date "2024.02.06"]
[Round "4"]
[White "Bauman_Guy"]
[Black "HalfIsCrayfish"]
[Result "1-0"]
[WhiteElo "2852"]
[BlackElo "2581"]
[TimeControl "180+1"]
[EndTime "8:40:04 PST"]
[Termination "Bauman_Guy won by resignation"]

1. e4 Nc6 2. d4 d5 3. e5 Bf5 4.
c3 f6 5. f4 Qd7 6. Bd3 Nh6 7.
Ne2 O-O-O 8. O-O e6 9. b4 fxe5 10. fxe5 Bxd3 11. Qxd3 Nf5 12. Nd2 Be7 13. a4 Rdf8 14. Nb3 Nh4 15. Bd2 Ng6 16. b5 Nd8 17. a5 Rxf1+ 18. Kxf1 Rf8+ 19. Kg1 Qe8 20. b6 axb6 21.
axb6 c6 22. Bg5 Kd7 23. Bxe7 Kxe7 24. Nc5 Qf7 25. Qe3 h6 26. Ng3 Nh4 27. Rf1 Qe8 28. Rf4 g5 29. Rf2 Qg6 30. Rxf8 Kxf8 31. Qf2+ Ke7 32. h3 Qf7 33. Qxf7+ Kxf7 34. Kf1 Ng6 35.
Ne2 Nf8 36. Nc1 Ke7 37. N1d3 Nd7 38. Nxd7 Kxd7 39. Nc5+ Ke7 40. Kf2 Kf7 41. Ke3 Kg6 42.
g4 Kf7 43. Kd3 Ke7 44. Kc2 Ke8 45. Kb3 Ke7 46. Kb4 Ke8 47. Ka5 Ke7 48. Nxb7 Nxb7+ 49. Ka6 Nd8 50. b7 Nxb7 51. Kxb7 Kd7 52. Kb6 1-0

[Event "Early-Titled-Tuesday-Blitz-February-06-2024"]
[Site "Chess.com"]
[Date "2024.02.06"]
[Round "4"]
[White "Snegokhod"]
[Black "OK97"]
[Result "0-1"]
[WhiteElo "2568"]
[BlackElo "2829"]
[TimeControl "180+1"]
[EndTime "8:40:04 PST"]
[Termination "OK97 won by checkmate"]

1. b3 e5 2. Bb2 Nc6 3. g3 d5 4.
Bg2 Be6 5. e3 Qd7 6. h3 f6 7.
Ne2 Bd6 8. d3 Nge7 9. Nd2 O-O 10. a3 a5 11. c4 Rad8 12. Qc2 dxc4 13. Nxc4 b5 14. Nxd6 Qxd6 15. Rc1 Bd5 16. e4 Be6 17. Rd1 a4 18. bxa4 bxa4 19. Qxa4 Rb8 20. Qc2 Bb3 21. Qc3 Bxd1 22. Kxd1 Rfd8 23. Kc2 Rb6 24. Rd1 Rdb8 25. Bc1 Nb4+ 26. Kd2 Na2 27. Qc4+ Qe6 28. Qxe6+ Rxe6 29. d4 Nxc1 30. Rxc1 Rb2+ 31. Ke3 Rb3+ 32. Rc3 exd4+ 33. Kxd4 Rd6+ 34. Kc4 Rb2 35. Bf3 Nc6 36. Nf4 Ne5+ 37. Kc5 Rxf2 38. Bg4 Rc6+ 39.
Kd4 Rd2+ 40. Ke3 Rxc3+ 41. Kxd2 Rxa3 42. Be6+ Kf8 43. g4 c6 44. h4 Ke7 45. h5 Rf3 46.
Bf5 Rxf4 47. Bxh7 Rxg4 48. Bf5 Rh4 49. Ke2 Rxh5 50. Ke3 Rxf5 51. exf5 Kd6 52. Kd4 c5+ 53. Kc3 Kd5 54. Kd2 Ke4 55. Kc3 Kxf5 56. Kd2 Ke4 57. Ke2 g5 58. Kf2 g4 59. Kg3 f5 60.
Kf2 c4 61. Kg3 c3 62. Kf2 f4 63. Ke2 g3 64. Kf1 Kf3 65. Kg1 c2 66. Kh1 c1=Q# 0-1

[Event "Early-Titled-Tuesday-Blitz-February-06-2024"]
[Site "Chess.com"]
[Date "2024.02.06"]
[Round "4"]
[White "JoliyRoger"]
[Black "Laico"]
[Result "1-0"]
[WhiteElo "2528"]
[BlackElo "2380"]
[TimeControl "180+1"]
[EndTime "8:40:04 PST"]
[Termination "JoliyRoger won on time"]

1. d4 e6 2. c4 f5 3. Nf3 b6 4. g3 Bb7 5. Bg2 Nf6 6. O-O Be7 7. b3 O-O 8. Ba3 Bxa3 9. Nxa3 Qe7 10. Nb1 d6 11.
Qc2 Nbd7 12. Nc3 Ne4 13. Ne1 Ndf6 14. Nd3 c5 15. dxc5 bxc5 16. Nf4 Nxc3 17. Qxc3 Bxg2 18. Kxg2 e5 19. Nd3 f4 20. Ne1 Ne4 21. Qc2 Ng5 22. Nf3 Nxf3 23. exf3 Rf6 24. Rad1 Raf8 25. Qe4 Kh8 26.
Rd3 fxg3 27. fxg3 g5 28. Rfd1 Kg7 29. a3 Rb8 30. R1d2 Rb6 31. Re2 Qf7 32. Rb2 Qg6 33. b4 Qxe4 34. fxe4 Kf7 35. b5 Ke7 36. a4 Rb8 37. a5 Rb7 38. Rf2 Rxf2+ 39. Kxf2 Rb8 40.
Rf3 h6 41. Rf5 Rb7 42. Kf3 Rb8 43. Kg4 Rc8 44. Kh5 Rh8 45. Kg6 Ke6 46. Kg7 Rd8 47. Kxh6 g4 48. Kg5 Rh8 49. Rf6+ Ke7 50. Rg6 1-0

[Event "Early-Titled-Tuesday-Blitz-February-06-2024"]
[Site "Chess.com"]
[Date "2024.02.06"]
[Round "4"]
[White "atalz0"]
[Black "Thunderbolt135"]
[Result "0-1"]
[WhiteElo "2478"]
[BlackElo "2694"]
[TimeControl "180+1"]
[EndTime "8:40:05 PST"]
[Termination "Thunderbolt135 won on time"]

1. d4 Nf6 2. c4 e6 3. Nc3 Bb4 4. Qc2 d5 5. cxd5 Qxd5 6. Nf3 Qf5 7. Qxf5 exf5 8. a3 Be7 9. e3 c6 10. Bd3 h6 11. Bd2 Be6 12. Ke2 Nbd7 13. Rhc1 a5 14. Na4 Ne4 15. Be1 Bd6 16. Nd2 Nxd2 17. Bxd2 Ke7 18.
b4 axb4 19. axb4 b5 20. Nc5 Bxc5 21. dxc5 Ne5 22. Bc3 f6 23. Rxa8 Rxa8 24. Ra1 Ra4 25. Bc2 Bc4+ 26. Kd2 Rxa1 27. Bxa1 Ke6 28. f4 Ng6 29. g3 Ne7 30. e4 fxe4 31. Bxe4 Bd5 32. Bd3 Bg2 33. Bc3 Bd5 34. Ke3 g6 35. g4 Bh1 36. h4 Nd5+ 37. Kd2 Nxf4 38. Bf1 g5 39. h5 Bf3 40. Ke3 Bxg4 41. Be1 Bxh5 42. Bg3 Nd5+ 43. Kd4 Nxb4 44. Bg2 Nd5 45. Bxd5+ cxd5 46. c6 Be8 0-1

[Event "Early-Titled-Tuesday-Blitz-February-06-2024"]
[Site "Chess.com"]
[Date "2024.02.06"]
[Round "4"]
[White "NoHeThTo"]
[Black "SmirnovTimofey2000"]
[Result "1-0"]
[WhiteElo "2619"]
[BlackElo "1980"]
[TimeControl "180+1"]
[EndTime "8:40:05 PST"]
[Termination "NoHeThTo won on time"]

1. d4 d5 2. Nc3 Nf6 3. Bf4 a6 4. e3 e6 5. g4 h6 6. Qf3 Bd6 7.
Nge2 c5 8. dxc5 Bxc5 9. O-O-O Bd6 10. g5 hxg5 11. Bxg5 Be7 12. h4 Bd7 13. Nf4 Nc6 14.
Bg2 Ne5 15. Qe2 Rc8 16. e4 Nxe4 17. Nxe4 Bxg5 18. Nxg5 Qc7 19. Rhe1 Rxh4 20. Nxd5 exd5 21. Qxe5+ Qxe5 22. Rxe5+ Kf8 23. Nf3 Rhc4 24. c3 Bg4 25.
Rd4 Bxf3 26. Rxc4 dxc4 27. Bxf3 Rc7 28. Re4 b5 29. Rd4 g6 30. a4 bxa4 31. Be2 a3 32.
bxa3 Re7 33. Bxc4 Re1+ 34. Kb2 a5 35. Rd5 Rh1 36. Rd7 f5 37. Rf7+ Ke8 38. Rg7 Rg1 39. Bf7+ Kf8 40. Rxg6 Rf1 41. Bc4 Rxf2+ 42. Kb3 f4 43. Rf6+ Ke7 44. Rf5 Kd6 45. Rxa5 f3 46.
Rf5 Ke7 47. a4 Kd6 48. a5 Kc6 49. a6 Kb6 50. Rf6+ Ka7 51. Rf7+ Kb6 52. a7 1-0

[Event "Early-Titled-Tuesday-Blitz-February-06-2024"]
[Site "Chess.com"]
[Date "2024.02.06"]
[Round "4"]
[White "MaxLeto"]
[Black "AndresDelgado77"]
[Result "0-1"]
[WhiteElo "2492"]
[BlackElo "2359"]
[TimeControl "180+1"]
[EndTime "8:40:06 PST"]
[Termination "AndresDelgado77 won on time"]

1. g4 d5 2. Bg2 c6 3. h3 e5 4. d4 e4 5. c3 Bd6 6. c4 h5 7. g5 Ne7 8. Nc3 Be6 9. Qb3 Qb6 10.
c5 Qxb3 11. axb3 Bc7 12. b4 Nd7 13. h4 Nf5 14. Be3 Nxe3 15. fxe3 Nf8 16. Kf2 Ng6 17.
Bh3 O-O 18. b5 a6 19. b6 Bd8 20. Kg3 Be7 21. Rf1 Rae8 22. Bf5 Bxf5 23. Rxf5 f6 24. Nh3 Nxh4 25. Kxh4 fxg5+ 26. Rxg5 g6 27. Kg3 Bxg5 28. Nxg5 Rf5 29. Nh3 g5 30. Nb1 Kg7 31. Nd2 Kg6 32.
Rf1 Rxf1 33. Nxf1 Rf8 34. Nd2 Rf7 35. Kg2 Kf5 36. Nf1 Kg4 37. Ng3 h4 38. Nf1 Rxf1 39.
Nxg5 Kxg5 40. Kxf1 Kg4 41. Kg2 h3+ 42. Kh2 Kh4 43. b4 Kg4 44. Kh1 Kg3 45. Kg1 h2+ 46. Kh1 Kf2 47. Kxh2 Kxe2 48. b5 axb5 0-1

[Event "Early-Titled-Tuesday-Blitz-February-06-2024"]
[Site "Chess.com"]
[Date "2024.02.06"]
[Round "4"]
[White "mary-sanna"]
[Black "NovakRatko"]
[Result "0-1"]
[WhiteElo "2188"]
[BlackElo "2417"]
[TimeControl "180+1"]
[EndTime "8:40:07 PST"]
[Termination "NovakRatko won by resignation"]

1. d4 d5 2. c4 c5 3. dxc5 d4 4.
Nf3 Nc6 5. e3 e5 6. exd4 exd4 7.
Bd3 Qe7+ 8. Qe2 Nf6 9. Bf4 Qxe2+ 10. Kxe2 Bxc5 11. Re1 O-O 12. Nbd2 Nb4 13. Bb1 d3+ 14. Kf1 Ng4 15. Ne4 Be7 16. h3 Nf6 17. Nxf6+ Bxf6 18. Bd6 Bxb2 19. Bxf8 Kxf8 20. a3 Nc2 21. Bxc2 dxc2 22.
Rac1 Bxc1 23. Rxc1 Bf5 24. Ke1 Rd8 25. c5 h5 26. Ke2 Rd5 27. Ne1 Rxc5 28. Kd2 Ke7 29. f3 Kd6 30. g4 hxg4 31. hxg4 Bg6 32. f4 Be4 33. Ke3 f5 34. g5 Rc3+ 35. Kd4 Rxa3 36. Nxc2 Bxc2 37. Rxc2 Rf3 38. Rd2 b5 39. Rd1 a5 40.
Rd2 a4 41. Rd1 a3 42. Rd2 b4 43. Kc4+ Ke6 44. Kxb4 Rxf4+ 45. Kxa3 Rg4 46. Re2+ Kf7 47.
Kb3 Rxg5 48. Kc4 Kf6 49. Kd5 Rg1 50. Re6+ Kg5 51. Re7 Rd1+ 52. Kc4 g6 53. Kc3 f4 54. Kc2 Rd6 55. Re8 Kg4 56. Rg8 f3 0-1

[Event "Early-Titled-Tuesday-Blitz-February-06-2024"]
[Site "Chess.com"]
[Date "2024.02.06"]
[Round "4"]
[White "AlmasRakhmatullaev"]
[Black "Martial2008"]
[Result "1-0"]
[WhiteElo "2901"]
[BlackElo "2683"]
[TimeControl "180+1"]
[EndTime "8:40:08 PST"]
[Termination "AlmasRakhmatullaev won by resignation"]

1. e4 e5 2. Nf3 Nc6 3. Bc4 Nf6 4. Ng5 d5 5. exd5 Na5 6. Bb5+ c6 7. dxc6 bxc6 8. Bd3 Nd5 9. Nf3 Bd6 10. O-O Nf4 11. Re1 Nxd3 12. cxd3 O-O 13. Nc3 Bf5 14.
Ne4 Nb7 15. Nxd6 Qxd6 16. Nxe5 Nc5 17. b3 Nxd3 18. Nxd3 Bxd3 19. Bb2 Rfe8 20. Re3 Rad8 21. Rc1 Bg6 22. Bc3 Rxe3 23. fxe3 Be4 24. Qg4 Qg6 25. Qxg6 hxg6 26. Bd4 a6 27. Kf2 f6 28. h3 Kf7 29. Rc3 a5 30. d3 Bd5 31. Bb6 Ra8 32. e4 Be6 33. a3 Ra6 34. Rxc6 Bd7 35. Rc7 Rxb6 36. Rxd7+ Ke6 37. Rxg7 Rxb3 38. Rxg6 Rxd3 39. Rg3 Rd4 40. Re3 Ke5 41. Kf3 Rd1 42. Rb3 Rf1+ 43. Ke2 Ra1 44. Rb5+ Kxe4 45. Rxa5 Ra2+ 46. Kf1 f5 47.
Ra8 f4 48. a4 f3 49. Re8+ Kd4 50. gxf3 Rh2 51. a5 Rxh3 52. Kf2 Rh5 53. a6 Ra5 54.
Re6 Kd5 55. Rg6 Ra3 56. Kg3 Ke5 57. Kg4 Ra1 58. f4+ Ke4 59. Re6+ Kd5 60. f5 Rg1+ 61. Kf4 Rg7 62. Rg6 Ra7 63. Kg5 Rh7 64. Rb6 Ke5 65. Rb5+ Kd6 66. Rb7 Rh1 67. f6 Ke6 68. Rb6+ Kf7 69.
Rb7+ Ke6 70. f7 Rf1 71. a7 Rg1+ 72. Kh4 Rh1+ 73. Kg3 Rh8 74. Rb8 1-0

[Event "Early-Titled-Tuesday-Blitz-February-06-2024"]
[Site "Chess.com"]
[Date "2024.02.06"]
[Round "4"]
[White "bilosuvenosu06"]
[Black "Chernyavsky_A"]
[Result "1-0"]
[WhiteElo "2598"]
[BlackElo "2387"]
[TimeControl "180+1"]
[EndTime "8:40:08 PST"]
[Termination "bilosuvenosu06 won on time"]

1. Nf3 Nf6 2. d4 g6 3. c4 Bg7 4. Nc3 O-O 5. g3 d6 6. Bg2 Nc6 7. O-O a6 8. b3 Rb8 9. Bb2 b5 10. cxb5 axb5 11. Rc1 b4 12. Nb1 Na7 13. Nbd2 Nb5 14.
e4 Ra8 15. Qe2 Rxa2 16. Nc4 Nc3 17. Qd3 Ncxe4 18. Ra1 Rxa1 19. Rxa1 Bf5 20. Qe2 Nc3 21. Qe1 Nfd5 22. Ne3 Nxe3 23. Qxe3 Nd5 24. Qe2 c6 25. h3 Qb6 26. Qc4 h6 27. Ra6 Qb5 28. Rxc6 Qxc4 29.
bxc4 Nc3 30. Rb6 Na4 31. Rxb4 Nxb2 32. Rxb2 Rc8 33. Rb4 Bd3 34. Bf1 Be4 35. Nd2 Bf5 36.
Nb3 Bc2 37. Na1 Bd1 38. Rb1 Bf3 39. Nb3 Rb8 40. Bd3 Bc6 41. Na5 Rxb1+ 42. Bxb1 Ba4 43. d5 Bc3 44. Nc6 Kf8 45. Be4 Ke8 46. Kf1 Bb3 47. Bd3 Kd7 48. Ke2 Ba4 49. Nb8+ Kd8 50. Nc6+ Ke8 51.
Be4 1-0

[Event "Early-Titled-Tuesday-Blitz-February-06-2024"]
[Site "Chess.com"]
[Date "2024.02.06"]
[Round "4"]
[White "cthulhuuu"]
[Black "Russian_berezka"]
[Result "0-1"]
[WhiteElo "2391"]
[BlackElo "2577"]
[TimeControl "180+1"]
[EndTime "8:40:08 PST"]
[Termination "Russian_berezka won on time"]

1. e4 c5 2. Nf3 e6 3. d3 Nc6 4. g3 g6 5. Bg2 Bg7 6. O-O Nge7 7. Re1 d6 8. c3 e5 9. h3 O-O 10. Be3 b6 11. d4 h6 12. Na3 Ba6 13. Qa4 Qc8 14.
Nb5 Rd8 15. Rad1 exd4 16. cxd4 cxd4 17. Nfxd4 Nxd4 18. Bxd4 Bxd4 19. Rxd4 Bxb5 20. Qxb5 Qc5 21. Qd3 Nc6 22. Rd5 Nb4 23. Qd2 Nxd5 24. exd5 Re8 25. Rc1 Re2 26. Qxe2 Qxc1+ 27. Kh2 Qg5 28. f4 Qf6 29. h4 Rc8 30. h5 gxh5 31. Qxh5 Rc2 32.
Kh3 Rxb2 33. Be4 Kf8 34. Qg4 Qc3 35. Qd7 Qc5 36. Qd8+ Kg7 37. f5 Rf2 38. Kg4 Qd4 39. Qe7 Qe5 40. f6+ Rxf6 0-1

[Event "Early-Titled-Tuesday-Blitz-February-06-2024"]
[Site "Chess.com"]
[Date "2024.02.06"]
[Round "4"]
[White "MasterKroket"]
[Black "Chessdude1987"]
[Result "1-0"]
[WhiteElo "2483"]
[BlackElo "2279"]
[TimeControl "180+1"]
[EndTime "8:40:08 PST"]
[Termination "MasterKroket won on time"]

1. e4 e6 2. d4 d5 3. Nc3 Nf6 4. e5 Nfd7 5. f4 c5 6. Nf3 Nc6 7. Be3 Qb6 8. Na4 Qb4+ 9. c3 Qa5 10. Kf2 cxd4 11. cxd4 Be7 12. a3 Qc7 13. Bd3 f6 14. Rf1 fxe5 15. dxe5 Ndxe5 16. fxe5 Nxe5 17. Bb5+ Nc6 18. Kg1 O-O 19. Rc1 Bd7 20. Qd2 a6 21. Be2 Rae8 22. Nc5 Bc8 23. Nd3 Bd6 24. Bc5 e5 25.
Ndxe5 Nxe5 26. Qxd5+ Nf7 27. Bd4 Qe7 28. Bd3 Qe6 29.
Qh5 h6 30. Rce1 Qg4 31. Qxg4 Bxg4 32. Be4 b5 33. Bb7 Bc8 34. Bc6 Rxe1 35. Rxe1 Ng5 36. Bd5+ Kh7 37. Nxg5+ hxg5 38. Rc1 g4 39. Rc6 Bb8 40.
Be4+ Kg8 41. Rg6 Kf7 42. Rxg7+ Ke6 43. Rg6+ Kd7 44. Rxg4 Kc7 45. Be5+ Kb6 46. Rg6+ Kc5 47. Bxb8 Re8 48. Ba7+ Kc4 49. Rc6+ Kb3 50. Bd4 Ka2 51. Bf3 Ka1 52. b4+ Kb1 53. Rc3 Kb2 54. Re3+ 1-0

[Event "Early-Titled-Tuesday-Blitz-February-06-2024"]
[Site "Chess.com"]
[Date "2024.02.06"]
[Round "4"]
[White "Ruchess27"]
[Black "hmatyi07"]
[Result "1-0"]
[WhiteElo "2461"]
[BlackElo "2202"]
[TimeControl "180+1"]
[EndTime "8:40:08 PST"]
[Termination "Ruchess27 won by resignation"]

1. d4 Nf6 2. c4 e6 3. Nf3 d5 4. Nc3 dxc4 5. e3 a6 6. Bxc4 b5 7. Bd3 c5 8. O-O Bb7 9. a3 Nbd7 10. Qe2 Be7 11. Rd1 O-O 12. dxc5 Bxc5 13. b4 Bb6 14. Bb2 Rc8 15. e4 Ng4 16. Rf1 Nde5 17. Nxe5 Nxe5 18. Rad1 Nxd3 19. Rxd3 Qe7 20. Rg3 e5 21.
Rd1 Bd4 22. Nd5 Bxd5 23. exd5 Bxb2 24. d6 Qe6 25. Qxb2 Rfd8 26. Rgd3 Rc6 27. d7 Rc7 28.
Qd2 h6 29. h3 Qe7 30. Rd6 e4 31. Qd4 Rc4 32. Qb6 Rc2 33. g3 f5 34. Qd4 f4 35. g4 f3 36. Qd5+ Kh8 37. Re6 Qf8 38. Qxe4 Re2 39. Qd5 Qf7 40. Re8+ Rdxe8 41. Qxf7 Re1+ 42.
Kh2 Rd8 43. Rxe1 Kh7 44. Re8 Rxd7 45. Qxd7 1-0

[Event "Early-Titled-Tuesday-Blitz-February-06-2024"]
[Site "Chess.com"]
[Date "2024.02.06"]
[Round "4"]
[White "ViIIagra"]
[Black "sonicdravise"]
[Result "1-0"]
[WhiteElo "2957"]
[BlackElo "2615"]
[TimeControl "180+1"]
[EndTime "8:40:09 PST"]
[Termination "ViIIagra won by resignation"]

1. g3 d5 2. Bg2 e5 3. d3 c6 4. Nf3 Bd6 5. O-O Nf6 6. c4 O-O 7. Bg5 Nbd7 8. Nc3 h6 9. Bd2 a6 10. Qc2 Re8 11. e4 dxc4 12. dxc4 Qe7 13. a3 Nf8 14. b4 Bg4 15. c5 Bc7 16. h3 Bxf3 17. Bxf3 Ne6 18. Ne2 Rad8 19. Bc3 Nd4 20. Bxd4 exd4 21.
Nc1 Qd7 22. Nd3 Qxh3 23. Rae1 Ng4 24. Bxg4 Qxg4 25. Qe2 Qg6 26. Kg2 a5 27. e5 axb4 28.
axb4 Qe6 29. f4 Qd5+ 30. Qf3 Qxf3+ 31. Kxf3 Ra8 32. Ra1 f5 33. g4 g6 34. Rh1 Kg7 35. gxf5 gxf5 36. Rag1+ Kh7 37. Rh5 Ra3 38. Ke2 Ra2+ 39.
Kf3 Ra3 40. Ke2 Ra2+ 41. Kd1 Ra1+ 42. Nc1 Rf8 43. Rgh1 Bd8 44. Rxh6+ Kg7 45. Rh7+ Kg8 46. Kd2 Rb1 47. Rh8+ Kg7 48. R1h7+ Kg6 49. Rxf8 Kxh7 50. Rxd8 Rxb4 51. Nd3 Ra4 52. e6 1-0

[Event "Early-Titled-Tuesday-Blitz-February-06-2024"]
[Site "Chess.com"]
[Date "2024.02.06"]
[Round "4"]
[White "Rawnsdale"]
[Black "Gryffindorac8"]
[Result "1-0"]
[WhiteElo "2513"]
[BlackElo "2358"]
[TimeControl "180+1"]
[EndTime "8:40:10 PST"]
[Termination "Rawnsdale won by resignation"]

1. e4 c5 2. Nf3 d6 3. d4 cxd4 4. Nxd4 Nf6 5. Nc3 a6 6. Rg1 e5 7. Nb3 h5 8. Bg5 Be6 9. Qd2 Nbd7 10. O-O-O Rc8 11. Kb1 b5 12. f4 Be7 13. Bd3 Nb6 14.
fxe5 dxe5 15. Bxf6 Bxf6 16. Nd5 Nxd5 17. exd5 Qxd5 18. Qa5 e4 19. Be2 Qe5 20. c3 O-O 21. Nd4 Bc4 22. Bxc4 Rxc4 23. Qxa6 Rb8 24. Nc6 Rxc6 25.
Qxc6 b4 26. Kc2 e3 27. Qf3 bxc3 28. b3 e2 29. Rde1 Re8 30. Qd3 Qe7 31. Kb1 Qe5 32. Qc2 Qe3 33. g3 Qd2 34. h3 Qe3 35. Rg2 Qf3 36. Rgxe2 Rxe2 37. Qxe2 Qxg3 38. Rc1 Qf4 39. Qc2 Qe5 40. Rd1 Qc5 41. h4 Bxh4 42. Qe4 Bf6 43. Qe8+ Kh7 44. Qe4+ g6 45. Qc2 Qe3 46. Rf1 Kg7 47.
Qf2 Qd4 48. Qxd4 Bxd4 49. a4 h4 50. a5 h3 51. Rh1 g5 52. Rxh3 g4 53. Rh4 f5 54. a6 g3 55. Rxd4 g2 56. Rd1 f4 57.
a7 f3 58. a8=Q f2 59. Qxg2+ 1-0

[Event "Early-Titled-Tuesday-Blitz-February-06-2024"]
[Site "Chess.com"]
[Date "2024.02.06"]
[Round "4"]
[White "Zarinur"]
[Black "Willi_Skibbe"]
[Result "1-0"]
[WhiteElo "2506"]
[BlackElo "2333"]
[TimeControl "180+1"]
[EndTime "8:40:11 PST"]
[Termination "Zarinur won on time"]

1. e4 e6 2. d4 d5 3. exd5 exd5 4. Bd3 c5 5. c3 c4 6. Be2 Nf6 7. Nf3 Bd6 8. b3 cxb3 9. axb3 Nc6 10. O-O O-O 11. c4 Bf5 12. Nc3 a6 13. h3 Re8 14. Bg5 dxc4 15. bxc4 h6 16. Bh4 g5 17. Bg3 Ne4 18. Nxe4 Bxe4 19. Bxd6 Qxd6 20. d5 Ne5 21. Nd4 Rac8 22. Rc1 Rc7 23. f4 gxf4 24. Rxf4 Bg6 25. Nf5 Bxf5 26. Rxf5 Qg6 27. Rf2 Qe4 28. Qd2 Kg7 29.
Rf4 Qg6 30. Qd4 f6 31. Rcf1 Rf8 32. d6 Rd7 33. c5 Nc6 34. Qf2 Ne5 35. Bg4 Rdd8 36.
Bf5 Qg5 37. Re4 Rde8 38. h4 Qh5 39. Qg3+ Kh8 40. Rfe1 Nc6 41. Rxe8 Rxe8 42. Be6 Ne5 43. d7 Rd8 44. Qe3 Qg6 45. h5 Qg7 46. Qf4 Nd3 47.
Qf5 Nxe1 48. Bd5 Nxg2 49. Be4 1-0

[Event "Early-Titled-Tuesday-Blitz-February-06-2024"]
[Site "Chess.com"]
[Date "2024.02.06"]
[Round "4"]
[White "Jumbo"]
[Black "LyonBeast"]
[Result "0-1"]
[WhiteElo "2861"]
[BlackElo "3154"]
[TimeControl "180+1"]
[EndTime "8:40:12 PST"]
[Termination "LyonBeast won on time"]

1. d4 Nf6 2. Nf3 g6 3. Bf4 Bg7 4. e3 c5 5. Nbd2 d6 6. Bb5+ Bd7 7. Bd3 O-O 8. O-O Qb6 9. Nc4 Qc7 10. a4 Nh5 11. Bg5 d5 12. Ncd2 c4 13. Be2 Nc6 14. c3 h6 15. Bh4 g5 16. Ne1 Nf4 17. exf4 gxh4 18. g3 Bf5 19. Bg4 Bh7 20. Ng2 hxg3 21. hxg3 e6 22. Re1 Rae8 23. Nh4 Kh8 24. Kg2 Rg8 25. Bh5 Bf6 26. Nhf3 Ref8 27. Kh2 Rg7 28. Qe2 Bd3 29. Qe3 Bf5 30. Rh1 Rfg8 31. Kg2 Rh7 32. Rh2 Ne7 33. Rah1 Bd3 34. Ne5 Nf5 35. Qe1 Bc2 36. Bf3 Bxa4 37. g4 Bxe5 38. fxe5 Rg6 39. Kf1 Ne7 40. Qe3 Ng8 41. g5 Bc2 42. gxh6 f6 43.
Bh5 Rgxh6 44. f4 fxe5 45. fxe5 Bd3+ 46. Ke1 Qa5 47. Kf2 Qb6 48. b4 a5 49. bxa5 Qxa5 50.
Qf4 Qxc3 51. Bf7 Rxh2+ 52. Rxh2 Qxd2+ 0-1

[Event "Early-Titled-Tuesday-Blitz-February-06-2024"]
[Site "Chess.com"]
[Date "2024.02.06"]
[Round "4"]
[White "h4parah5"]
[Black "BestStelker"]
[Result "1-0"]
[WhiteElo "2932"]
[BlackElo "2712"]
[TimeControl "180+1"]
[EndTime "8:40:12 PST"]
[Termination "h4parah5 won by resignation"]

1. Nf3 d5 2. e3 Bf5 3. c4 e6 4. Qb3 b6 5. Nd4 Bxb1 6. Rxb1 c6 7. Qc2 Qd7 8. b4 Nf6 9. cxd5 Nxd5 10. a3 Bd6 11. g3 O-O 12. Bg2 c5 13. bxc5 Bxc5 14. Bb2 Rc8 15. Qb3 Bxd4 16. Bxd4 Nc6 17. Ba1 Na5 18.
Qa2 Rc7 19. O-O Rac8 20. Qb2 f6 21. Rfc1 Nc4 22. Qa2 Na5 23. Rxc7 Rxc7 24. h4 Nc4 25. h5 h6 26. Rc1 Ne5 27. Rxc7 Nxc7 28. d4 Nc6 29. Qc2 Nd5 30. Bf3 f5 31. g4 fxg4 32. Bxg4 Nf6 33. Bf3 Ne7 34. e4 Qc6 35. Qd1 Qd7 36.
Kg2 Qc7 37. Bb2 Qf4 38. Bc1 Qc7 39. Be3 Qd7 40. Qb3 Kh8 41. a4 Qc7 42. Qxe6 Neg8 43. e5 Nd7 44. Qf7 Qd8 45. Be4 Nf8 46. d5 Nd7 47. e6 Ndf6 48. Qg6 Nxe4 49. Qxe4 Nf6 50. e7 Qe8 51. Qe5 Qxh5 52. Qxh5 1-0

[Event "Early-Titled-Tuesday-Blitz-February-06-2024"]
[Site "Chess.com"]
[Date "2024.02.06"]
[Round "4"]
[White "DrCeltic"]
[Black "NEPHILIM-SLAYER"]
[Result "0-1"]
[WhiteElo "2533"]
[BlackElo "2743"]
[TimeControl "180+1"]
[EndTime "8:40:12 PST"]
[Termination "NEPHILIM-SLAYER won on time"]

1. e4 c6 2. d4 d5 3. exd5 cxd5 4.
c4 Nf6 5. Nc3 Nc6 6. Bg5 Be6 7.
Be2 Qa5 8. c5 Ne4 9. Bd2 Nxd2 10. Qxd2 g6 11. Nf3 Bg7 12. O-O Bg4 13. Qf4 Bxf3 14. Bxf3 O-O 15. Nxd5 Nxd4 16. Nxe7+ Kh8 17. Rac1 Qb4 18. Kh1 Rae8 19. Nd5 Qxb2 20. Rb1 Qxa2 21. Nf6 Rd8 22. Qh4 h6 23. Bxb7 Qe6 24. Ng4 Nf5 25.
Qh3 h5 26. c6 Qd6 27. Ne3 Nd4 28. Rbd1 Qc7 29. Rc1 a5 30. g4 Ne2 31. gxh5 Nf4 32. Qg3 Be5 33. hxg6 fxg6 34. Ng4 Rd3 35. Qh4+ Kg8 36.
Rce1 Rh3 37. Qxh3 Nxh3 38. Rxe5 Nxf2+ 39. Rxf2 Rxf2 40. Nxf2 Qxe5 41. Kg2 a4 42. Ng4 Qf4 43.
Kh3 a3 44. Bc8 Qf3+ 0-1